 Dungeon Crawl Stone Soup version 0.18-b1-2-gd0c887e (webtiles) character file.

3916 Laan the Cleaver (level 10, -1/76 HPs)
             Began as a Formicid Fighter on Apr 28, 2016.
             Was a Priest of the Shining One.
             Slain by a vampire mosquito (3 damage)
             ... on level 9 of the Dungeon.
             The game lasted 00:22:04 (7129 turns).

Laan the Cleaver (Formicid Fighter)                 Turns: 7129, Time: 00:22:04

Health: -1/76      AC: 14    Str: 26 (29) XL:     10   Next: 43%
Magic:  10/10      EV:  6    Int:  5 (8)  God:    the Shining One [***...]
Gold:   704        SH: 10    Dex:  9 (10) Spells: 0 memorised, 9 levels left

rFire  . . .     SeeInvis +     J - +2 battleaxe
rCold  . . .     Gourm    .     G - +0 plate armour
rNeg   + . .     Faith    .     c - +0 shield
rPois  +         Spirit   .     (helmet unavailable)
rElec  .         Dismiss  .     (no cloak)
rCorr  .         Reflect  .     K - +0 pair of gloves
SustAt .         Harm     .     (no boots)
MR     ++...                    (no amulet)
Stlth  ..........               z - ring of poison resistance
                                v - ring of protection from magic

@: mighty, glowing, very resistant to hostile enchantments, extremely unstealthy
A: permanent stasis, dig shafts and tunnels, four strong arms, antennae 3
a: Dig, Shaft Self, Divine Shield, Renounce Religion


You were on level 9 of the Dungeon.
You worshipped the Shining One.
The Shining One was most pleased with you.
You were not hungry.

You visited 1 branch of the dungeon, and saw 9 of its levels.

You collected 704 gold pieces.

Inventory:

Hand Weapons
 J - a +2 battleaxe (weapon)
Armour
 c - a +0 shield (worn)
 G - a +0 plate armour (worn)
 K - a +0 pair of gloves (worn)
Jewellery
 v - a ring of protection from magic (left hand)
 x - an uncursed ring of magical power
 z - a ring of poison resistance (right hand)
 B - a +2 ring of dexterity
Wands
 F - a wand of flame (21/48)
 H - a wand of slowing (25/48)
 I - a wand of acid (0/15)
 L - a wand of flame (6/48)
Scrolls
 b - a scroll of immolation {unknown}
 h - 6 scrolls of identify
 j - 2 scrolls of fear
 k - a scroll of recharging
 n - 6 scrolls of remove curse
 q - a scroll of enchant weapon {unknown}
 r - a scroll of brand weapon {unknown}
 y - a scroll of magic mapping {unknown}
 C - a scroll of noise {unknown}
 D - 3 scrolls of blinking {unknown}
Potions
 e - 2 potions of haste
 l - 2 potions of resistance {unknown}
 m - 2 potions of berserk rage {unknown}
 o - 3 potions of degeneration
 p - 4 potions of curing {unknown}
 s - 2 potions of brilliance {unknown}
 t - 2 potions of cancellation {unknown}
 u - a potion of lignification {unknown}
 A - 2 potions of agility {unknown}
 E - 3 potions of heal wounds {unknown}
Comestibles
 f - 7 bread rations
 g - a royal jelly
 i - 24 fruits
 w - 2 meat rations


   Skills:
 + Level 6.0 Fighting
 * Level 12.0 Axes
 + Level 6.1 Armour
 + Level 6.0 Shields


You had 9 spell levels left.
You didn't know any spells.

Dungeon Overview and Level Annotations

Branches:
Dungeon (9/15)             Temple (0/1) D:6
   Lair: D:8-11         Orc: D:9-12

Altars:
Ashenzari
Dithmenos
Gozag
Makhleb
Nemelex Xobeh
Pakellas
Ru
Sif Muna
Trog
Vehumet
Yredelemnul
The Shining One


Innate Abilities, Weirdness & Mutations

You are under a permanent stasis effect.
You can dig through walls and to a lower floor.
Your four strong arms can wield two-handed weapons with a shield.
You have a pair of large antennae on your head (SInv).


Message History

The vampire mosquito is almost destroyed.
You hit the vampire mosquito.
The vampire mosquito is lightly damaged.
You block the vampire mosquito's attack.
The vampire mosquito bites you but does no damage.
The vampire mosquito bites you!
* * * LOW HITPOINT WARNING * * *
You block the vampire mosquito's attack.
The vampire mosquito bites you but does no damage. x3
Drink which item? (? for menu, Esc to quit)
It was a potion of degeneration.
There was something very wrong with that liquid.
You feel weakened.
You feel dopey.
You feel clumsy.
The vampire mosquito bites you but does no damage.
The vampire mosquito barely misses you.
You block the vampire mosquito's attack.
The vampire mosquito bites you.
* * * LOW HITPOINT WARNING * * *
The vampire mosquito bites you.
You die...

#.####. ....... {
....... ########...
..## ........#+# ..#
###.......# #.##
))(...#.#######.)# #
###.#.#.#......#y#.#
#.#.#......#[#@y.#
#.#.###.##.#.##y.#
..#.....##.#.# ..#
######..##.#.# .>#
#.. ..#..##.#.# #.#
#.# #.#.....#>. ..
#.# #.#...##### .##
.#.# #.#...# ..
.#.###.#)).#.##


You could see 3 vampire mosquitoes.

Vanquished Creatures
  A hungry ghost (D:7)
  A water moccasin (D:7)
  2 black bears
  An orc warrior (D:8)
  A necrophage (D:8)
  An ice beast (D:8)
  An eye of draining (D:8)
  5 ogres (D:4)
  2 centaurs
  2 big kobolds
  5 giant frogs
  A scorpion (D:6)
  11 killer bees
  A howler monkey (D:6)
  7 wights
  2 jellies
  3 crimson imps
  A centaur zombie (D:5)
  6 hounds
  5 orc priests
  10 orc wizards
  A giant frog skeleton (D:6)
  3 worker ants
  2 hound skeletons (D:7)
  10 gnolls
  10 adders
  A shadow imp (D:8)
  An ooze (D:4)
  2 adder skeletons
  6 worms
  2 dart slugs (D:2)
  6 giant geckos
  23 orcs
  4 ball pythons
  5 giant cockroaches
  5 goblins (D:2)
  4 hobgoblins
  7 jackals
  8 quokkas
  5 bats
  A giant gecko zombie (D:8)
  4 giant newts
  A jackal skeleton (D:8)
  14 kobolds
  12 rats
206 creatures vanquished.

Vanquished Creatures (others)
  A howler monkey (D:8)
1 creature vanquished.

Grand Total: 207 creatures vanquished

Notes
Turn   | Place    | Note
--------------------------------------------------------------
     0 | D:1      | Laan the Formicid Fighter began the quest for the Orb.
     0 | D:1      | Reached XP level 1. HP: 18/18 MP: 1/1
   370 | D:1      | Reached XP level 2. HP: 22/24 MP: 2/2
   393 | D:1      | Reached skill level 3 in Axes
   735 | D:1      | Reached XP level 3. HP: 25/29 MP: 3/3
  1221 | D:2      | Found a glowing golden altar of the Shining One.
  1224 | D:2      | Became a worshipper of the Shining One
  1325 | D:2      | Reached skill level 4 in Axes
  1325 | D:2      | Reached XP level 4. HP: 34/35 MP: 4/4
  1922 | D:3      | Reached XP level 5. HP: 41/41 MP: 5/5
  2072 | D:3      | Noticed a centaur
  2077 | D:3      | Killed a centaur
  2077 | D:3      | Reached skill level 5 in Axes
  2115 | D:3      | Noticed a moth of wrath
  2118 | D:3      | Found a bloodstained altar of Trog.
  2144 | D:3      | Reached XP level 6. HP: 41/47 MP: 6/6
  2465 | D:4      | Found an oddly glowing altar of Pakellas.
  2480 | D:4      | Noticed an ogre
  2494 | D:4      | Killed an ogre
  2494 | D:4      | Reached skill level 6 in Axes
  2740 | D:4      | Reached XP level 7. HP: 50/52 MP: 7/7
  2753 | D:4      | Reached skill level 7 in Axes
  2849 | D:4      | Reached * piety under the Shining One
  2866 | D:4      | HP: 2/52 [ogre/giant club (18)]
  3198 | D:4      | Reached skill level 8 in Axes
  3291 | D:4      | Reached XP level 8. HP: 33/58 MP: 8/8
  3308 | D:4      | Reached skill level 9 in Axes
  3473 | D:4      | Found a shattered altar of Ashenzari.
  3660 | D:5      | Entered Level 5 of the Dungeon
  3684 | D:5      | Found a basalt altar of Yredelemnul.
  3699 | D:5      | Found a sparkling altar of Nemelex Xobeh.
  4052 | D:5      | Found a deep blue altar of Sif Muna.
  4361 | D:6      | Found a staircase to the Ecumenical Temple.
  4427 | D:6      | Reached skill level 10 in Axes
  4594 | D:6      | Found an opulent altar of Gozag.
  4745 | D:6      | Reached XP level 9. HP: 64/64 MP: 9/9
  5222 | D:7      | Reached ** piety under the Shining One
  5228 | D:7      | Reached skill level 11 in Axes
  5732 | D:8      | Reached skill level 5 in Shields
  5743 | D:8      | Reached skill level 5 in Fighting
  5977 | D:8      | Found a shadowy altar of Dithmenos.
  5988 | D:8      | Reached skill level 5 in Armour
  6041 | D:8      | Reached XP level 10. HP: 73/74 MP: 10/10
  6069 | D:8      | Found a radiant altar of Vehumet.
  6112 | D:8      | Found a sacrificial altar of Ru.
  6397 | D:8      | Found a burning altar of Makhleb.
  6995 | D:9      | Reached *** piety under the Shining One
  7060 | D:9      | Reached skill level 12 in Axes
  7128 | D:9      | HP: 3/76 [vampire mosquito (7)]
  7129 | D:9      | Slain by a vampire mosquito

Skill      XL: |  1  2  3  4  5  6  7  8  9 10 |
---------------+-------------------------------+-----
Axes           | 3 4 5 6 8 10 11 12 | 12.0
Shields        | 5 6 |  6.0
Fighting       | 5 6 |  6.0
Armour         | 5 6 |  6.1

Action                   |  1- 3 |  4- 6 |  7- 9 | 10-12 || total
-------------------------+-------+-------+-------+-------++-------
Melee: War axe           |    99 |   128 |   285 |    87 ||   599
       Battleaxe         |       |       |       |    43 ||    43
  Use: Scroll            |       |       |     7 |       ||     7
       Potion            |       |       |       |     2 ||     2
  Eat: Chunk             |     1 |     5 |     6 |     3 ||    15
       Beef jerky        |       |       |     2 |       ||     2
       Pizza             |       |       |     1 |       ||     1
       Meat ration       |       |       |     1 |       ||     1
Armor: Scale mail        |    15 |       |       |       ||    15
       Chain mail        |    27 |    49 |   105 |     2 ||   183
       Plate armour      |       |       |       |    61 ||    61
Dodge: Dodged            |    21 |    24 |    49 |    21 ||   115
Block: Shield            |    41 |    63 |   117 |    67 ||   288
